 Dungeon Crawl Stone Soup version 0.30.0-15-g856e2d3f33 (webtiles) character file.

Game seed: 16958194038282099862

1222 Esekla the Grave Robber (level 8, -21/44 HPs)
             Began as a Tengu Necromancer on May 19, 2023.
             Was a Follower of Sif Muna.
             Killed from afar by Maggie (26 damage)
             ... with a bolt of fire
             ... on level 6 of the Dungeon.
             The game lasted 00:44:17 (5512 turns).

Esekla the Grave Robber (Tengu Necromancer)         Turns: 5512, Time: 00:44:18

Health: -21/44     AC:  3    Str:  6    XL:     8   Next: 47%
Magic:  2/15       EV: 16    Int: 23    God:    Sif Muna [*.....]
Gold:   315        SH:  0    Dex: 14    Spells: 5/15 levels left

rFire   . . .        a - +0 falchion
rCold   + . .        (no shield)
rNeg    . . .        D - +0 robe of the Lion {rElec Str-4 Int+6 Archmagi}
rPois   .            (helmet restricted)
rElec   +            (no cloak)
rCorr   .            y - +0 pair of gloves
SInv    .            (boots unavailable)
Will    .....        (no amulet)
Stlth   ++           i - ring of protection from cold
HPRegen 0.27/turn    (no ring)
MPRegen 0.14/turn

%: archmagi
@: flying quickly and evasively, quick
A: beak, talons 3, nimble flight
a: Renounce Religion, Channel Magic


You were on level 6 of the Dungeon.
You worshipped Sif Muna.
Sif Muna was aware of your devotion.
You visited 1 branch of the dungeon, and saw 7 of its levels.

You collected 315 gold pieces.

Inventory:

Hand Weapons
 a - a +0 falchion (weapon)
 r - a +0 trident
 s - a +0 dagger
Missiles
 h - 6 curare-tipped darts
 p - 6 poisoned darts (quivered)
 w - 2 boomerangs
 B - a throwing net
Armour
 y - a +0 pair of gloves (worn)
 D - the +0 robe of the Lion (worn) {rElec Str-4 Int+6 Archmagi}
   (You found it on level 7 of the Dungeon)

   Str:       It affects your strength (-4).
   Int:       It affects your intelligence (+6).
   rElec:     It insulates you from electricity.
   Archmagi:  It increases the power of your magical spells.
Jewellery
 i - a ring of protection from cold (left hand)
Wands
 x - a wand of flame (7)
Scrolls
 k - 7 scrolls of teleportation
 l - 2 scrolls of identify {unknown}
 n - a scroll of poison {unknown}
 q - a scroll of enchant armour {unknown}
 t - a scroll of amnesia {unknown}
 v - 2 scrolls of fear {unknown}
 z - 3 scrolls of noise {unknown}
 C - a scroll of blinking {unknown}
Potions
 b - a potion of magic
 c - 2 potions of mutation {unknown}
 f - a potion of invisibility {unknown}
 g - 2 potions of lignification
 j - a potion of ambrosia {unknown}
 m - 2 potions of heal wounds {unknown}
 o - 2 potions of curing
 u - a potion of degeneration {unknown}
 A - a potion of might {unknown}


   Skills:
 + Level 1.7 Fighting
 + Level 1.4(1.9) Short Blades
 + Level 1.6(2.0) Long Blades
 + Level 0.6 Throwing
 * Level 4.4 Dodging
 + Level 2.8 Stealth
 * Level 4.1 Spellcasting
 * Level 3.8 Conjurations
 + Level 6.1 Necromancy
 * Level 1.6 Transmutations
 * Level 4.2 Air Magic
 * Level 2.6 Poison Magic
 + Level 0.1 Evocations


You had 5 spell levels left.
You knew the following spells:

 Your Spells              Type           Power      Damage    Failure   Level
a - Necrotise             Necr           100%       1d9       1%          1
c - Mephitic Cloud        Conj/Pois/Air  31%        N/A       7%          3
d - Vampiric Draining     Necr           49%        2d9       2%          3
p - Apportation           Tloc           14%        N/A       11%         1
w - Wereblood             Tmut           18%        N/A       8%          2

Your spell library contained the following spells:

 Spells                   Type           Power      Damage    Failure   Level
 Beastly Appendage        Tmut           36%        N/A       5%          1
 Swiftness                Air            36%        N/A       5%          3
 Animate Dead             Necr           49%        N/A       9%          4
 Slow                     Hex            28%        N/A       11%         1
 Summon Small Mammal      Summ           28%        N/A       11%         1
 Passwall                 Tmut/Erth      10%        N/A       11%         2
 Spider Form              Tmut/Pois      22%        N/A       13%         3
 Hailstorm                Conj/Ice       20%        3d6       14%         3
 Ensorcelled Hibernation  Hex/Ice        14%        N/A       16%         2
 Agony                    Necr           49%        N/A       24%         5
 Confusing Touch          Hex            7%         N/A       30%         3
 Ice Form                 Ice/Tmut       12%        N/A       58%         4
 Fireball                 Conj/Fire      10%        3d6       78%         5
 Simulacrum               Ice/Necr       14%        N/A       99%         6
 Orb of Destruction       Conj           16%        9d7       100%        7


Dungeon Overview and Level Annotations

Branches:
Dungeon (7/15)
 Temple: D:4-7

Altars:
Ashenzari
Dithmenos
Fedhas
Kikubaaqudgha
Sif Muna
Zin
Lugonu

Shops:
D:1 !

Portals:
Abyss: D:7

Annotations:
D:5 Grinder, Menkaure
D:6 Maggie
D:7 2 runed translucent doors


Innate Abilities, Weirdness & Mutations

You have a beak for a mouth.
You have claws for feet.
Your magical nature lets you fly swiftly and evasively.


Message History

Aiming: Vampiric Draining (dangerous; 2% risk of failure)
Press: ? - help, Shift-Dir - straight line, f/p - Maggie
Aim: Maggie, wielding a +1 halberd of flaming and wearing +0 swamp dragon scales (heavily wounded)
You feel a surge of power!
You draw life force from Maggie!
You feel life coursing into your body. Maggie casts a spell at you.
The bolt of fire misses you.
You closely miss Maggie. You claw Maggie.
Maggie is severely wounded.
Maggie drinks a potion.
Maggie is healed!
Maggie hits you with a +1 halberd of flaming!
Maggie burns you.
You closely miss Maggie.
Maggie is heavily wounded.
Maggie points at you and mumbles some strange words.
The bolt of fire hits you!
* * * LOW HITPOINT WARNING * * *
Casting: Vampiric Draining (dangerous; 2% risk of failure)
Confirm with . or Enter, or press ? or * to list all spells.
Aiming: Vampiric Draining (dangerous; 2% risk of failure)
Press: ? - help, Shift-Dir - straight line, f/p - Maggie
Aim: Maggie, wielding a +1 halberd of flaming and wearing +0 swamp dragon scales (heavily wounded)
You feel a surge of power!
You draw life force from Maggie!
You feel life coursing into your body! Maggie completely misses you.
Okay, then.
Unknown command.
Press: ? - help, v - describe, . - travel
Here: Maggie, wielding a +1 halberd of flaming and wearing +0 swamp dragon scales (severely wounded)
The floor.
Maggie hits you from afar with a +1 halberd of flaming!
* * * LOW HITPOINT WARNING * * *
Maggie burns you.
* * * LOW HITPOINT WARNING * * *
An iguana comes into view.
Found a scroll labelled BYEHOY MOCO.
The iguana hisses angrily.
Maggie gestures at you while chanting. The bolt of fire hits you!!
Ouch! That really hurt!
You die...

#≈#≈.≈#≈#.......#..#
### #.........#
#.......###
#......## #...@..#
#.###.## #.....##
#......####
#......@..#
#....#.......#
#.l..######....
...##.. ... ###? ..
# # ##


You could see Maggie and an iguana.

Vanquished Creatures
  2 ice beasts
  2 phantoms (D:7)
  3 bullfrogs (D:7)
  A wight (D:6)
  A hound (D:7)
  3 orc priests
  5 iguanas
  6 orc wizards
  Ijyb (D:5)
  5 adders
  8 gnolls
  A white imp (D:5)
  An ufetubus (D:7)
  A dart slug (D:2)
  14 orcs
  6 ball pythons
  2 bats
  8 endoplasms
  3 giant cockroaches
  8 hobgoblins
  3 quokkas
  2 frilled lizards (D:1)
  8 goblins
  6 kobolds
  5 rats
105 creatures vanquished.

Notes
Turn   | Place    | Note
-------+----------+-------------------------------------------
     0 | D:1      | Esekla the Tengu Necromancer began the quest for the Orb.
     0 | D:1      | Reached XP level 1. HP: 10/10 MP: 4/4
   189 | D:1      | Got the Atlas of Striking
   247 | D:1      | Reached XP level 2. HP: 8/15 MP: 6/6
   529 | D:1      | Reached XP level 3. HP: 19/20 MP: 7/7
   533 | D:1      | Learned a level 3 spell: Vampiric Draining
   536 | D:1      | Found Mompu's Distillery.
   539 | D:1      | Reached skill level 5 in Necromancy
   576 | D:1      | Found a faded altar of an unknown god.
   886 | D:2      | Found a shadowy altar of Dithmenos.
  1619 | D:3      | Reached XP level 4. HP: 24/24 MP: 8/8
  2221 | D:4      | Reached skill level 1 in Fighting
  2221 | D:4      | Reached skill level 1 in Short Blades
  2221 | D:4      | Reached skill level 1 in Conjurations
  2221 | D:4      | Reached skill level 1 in Air Magic
  2268 | D:4      | Reached skill level 1 in Poison Magic
  2268 | D:4      | Gained mutation: Your magical nature lets you fly swiftly
                  | and evasively. [Tengu growth]
  2268 | D:4      | Reached XP level 5. HP: 11/29 MP: 2/9
  2701 | D:4      | Learned a level 3 spell: Mephitic Cloud
  2843 | D:4      | Reached XP level 6. HP: 33/34 MP: 10/10
  3626 | D:5      | Entered Level 5 of the Dungeon
  3692 | D:5      | Learned a level 2 spell: Wereblood
  3714 | D:5      | Noticed an ice beast
  3736 | D:5      | Killed an ice beast
  3848 | D:5      | Reached XP level 7. HP: 38/38 MP: 12/12
  3872 | D:5      | Noticed Menkaure
  3919 | D:6      | Found an ancient bone altar of Kikubaaqudgha.
  3919 | D:6      | Found a blossoming altar of Fedhas.
  3966 | D:6      | Found a faded altar of an unknown god.
  3976 | D:6      | Prayed at the altar of an unknown god.
  3976 | D:6      | Became a worshipper of Sif Muna the Loreminder
  3976 | D:6      | Reached * piety under Sif Muna
  4012 | D:6      | Found a broken altar of Ashenzari.
  4013 | D:6      | Found a glowing silver altar of Zin.
  4020 | D:6      | Learned a level 1 spell: Apportation
  4062 | D:6      | Noticed Maggie
  4111 | D:5      | Noticed Grinder
  4291 | D:5      | Noticed Ijyb
  4296 | D:5      | Killed Ijyb
  4489 | D:7      | Reached skill level 1 in Transmutations
  4606 | D:7      | Reached skill level 1 in Long Blades
  4653 | D:7      | Found a one-way gate to the infinite horrors of the Abyss.
  4653 | D:7      | Identified the +6 short sword "Laibiamp" {distort, rF++
                  | Dex+4}
  4767 | D:7      | Reached skill level 6 in Necromancy
  4767 | D:7      | Reached XP level 8. HP: 39/43 MP: 9/14
  5042 | D:7      | Found a large runed translucent door.
  5043 | D:7      | Found a large runed translucent door.
  5043 | D:7      | Found a corrupted altar of Lugonu.
  5045 | D:7      | Identified the +8 plate armour of a bailey {+Blink Fly
                  | Int+7}
  5357 | D:7      | Identified the +0 robe of the Lion {rElec Str-4 Int+6
                  | Archmagi}
  5512 | D:6      | Killed from afar by Maggie

Illustrated notes

Levels and vault maps discovered:
D:1:      minmay_arrival_shoal_huts, layout_rooms, serial_shops, shop,
          dreamdust_ecumenical_altar_statues, moated_statue,
          minmay_misc_feat_rows, serial_bayou_ford_a
D:2:      layout_basic, basic_altar, chequers_serial_rivers_small_a
D:3:      layout_basic
D:4:      layout_basic
D:5:      layout_basic, uniq_ijyb, uniq_grinder, uniq_menkaure
D:6:      layout_rooms, chequers_temple_overflow_minitemple, temple_hall_moat,
          uniq_maggie
D:7:      due_chaos_kobolds, layout_rooms

Skill      XL: |  1  2  3  4  5  6  7  8 |
---------------+-------------------------+-----
Necromancy     | 5 6 |  6.1
Fighting       | 1 |  1.7
Short Blades   | 1 |  1.4
Conjurations   | 1 2 3 |  3.8
Air Magic      | 1 2 3 4 |  4.2
Dodging        | 3 4 |  4.4
Poison Magic   | 1 2 |  2.6
Spellcasting   | 3 4 |  4.1
Transmutations | 1 |  1.6
Long Blades    | 1 |  1.6
Throwing       | |  0.6
Stealth        | |  2.8
Evocations     | |  0.1

Action                     |  1- 3 |  4- 6 |  7- 9 || total
---------------------------+-------+-------+-------++-------
  Melee: Unarmed           |    24 |       |       ||    24
         Dagger            |   112 |    83 |    14 ||   209
         Kick              |    31 |    37 |    32 ||   100
         Peck              |    24 |    15 |    24 ||    63
         Punch             |     1 |       |       ||     1
         Falchion          |       |    53 |   102 ||   155
  Throw: Dart              |       |     8 |     4 ||    12
         Boomerang         |       |       |     2 ||     2
   Cast: Vampiric Draining |     1 |    12 |    21 ||    34
         Mephitic Cloud    |       |     4 |     4 ||     8
         Wereblood         |       |       |     2 ||     2
  Evoke: Wand              |       |       |     5 ||     5
    Use: Potion            |       |     5 |     4 ||     9
         Scroll            |       |       |     1 ||     1
   Stab: Sleeping          |     3 |     3 |     1 ||     7
         Confused          |       |     3 |     1 ||     4
 Armour: Robe              |    12 |     6 |    23 ||    41
         Skin              |       |    25 |     2 ||    27
  Dodge: Dodged            |    61 |    53 |   115 ||   229
